 Dungeon Crawl Stone Soup version 0.31-a0-1308-ga3cce3a448 (webtiles) character file.

Game seed: 13553655200005957598

1404 gruber the Chiller (level 8, -3/58 HPs)
             Began as a Gnoll Ice Elementalist on Dec 19, 2023.
             Slain by an ogre
             ... wielding a +0 giant club
              (31 damage)
             ... on level 5 of the Dungeon.
             The game lasted 00:06:53 (4638 turns).

gruber the Chiller (Gnoll Ice Elementalist)         Turns: 4638, Time: 00:06:54

Health: -3/58      AC: 10    Str:  8    XL:     8   Next: 69%
Magic:  9/17       EV: 13    Int: 16    God:
Gold:   210        SH:  0    Dex: 13    Spells: 8/19 levels left

rFire   + . .        u - +2 short sword (freeze)
rCold   . . .        (no shield)
rNeg    . . .        t - +1 leather armour {Will+}
rPois   .            (no helmet)
rElec   .            e - +0 cloak
rCorr   .            (no gloves)
SInv    .            (no boots)
Will    +....        (no amulet)
Stlth   +++          p - ring of protection from fire
HPRegen 0.29/turn    (no ring)
MPRegen 0.15/turn

%: no passive effects
@: ice-armoured, freezing walls
A: fangs 1, strong nose, distributed training
a: no special abilities


You were on level 5 of the Dungeon.
You visited 1 branch of the dungeon, and saw 5 of its levels.

You collected 210 gold pieces.

Inventory:

Hand Weapons
 u - a +2 short sword of freezing (weapon)
Armour
 e - a +0 cloak (worn)
 t - a +1 leather armour of willpower (worn)
Jewellery
 p - a ring of protection from fire (left hand)
Scrolls
 c - 12 scrolls of identify {unknown}
 d - a scroll of silence {unknown}
 h - 2 scrolls of vulnerability
 i - 2 scrolls of fear
 k - a scroll of revelation
 l - 2 scrolls of teleportation {unknown}
 m - a scroll of summoning
 n - a scroll of blinking
 o - a scroll of poison {unknown}
 v - a scroll of enchant armour {unknown}
Potions
 a - a potion of enlightenment {unknown}
 b - 2 potions of magic
 f - a potion of attraction {unknown}
 g - 2 potions of heal wounds {unknown}
 j - 2 potions of curing {unknown}
 q - a potion of brilliance {unknown}
 r - a potion of lignification {unknown}
 s - 2 potions of might {unknown}


   Skills:
 + Level 3.5 Fighting
 + Level 3.5 Short Blades
 + Level 3.5 Long Blades
 + Level 3.5 Axes
 + Level 3.5 Maces & Flails
 + Level 3.5 Polearms
 + Level 3.5 Staves
 + Level 3.5 Ranged Weapons
 + Level 3.5 Throwing
 + Level 3.5 Armour
 + Level 5.9 Dodging
 + Level 5.5 Stealth
 + Level 3.5 Shields
 + Level 3.5 Unarmed Combat
 + Level 6.2 Spellcasting
 + Level 2.9 Conjurations
 + Level 2.9 Hexes
 + Level 2.9 Summonings
 + Level 2.9 Necromancy
 + Level 2.9 Translocations
 + Level 2.9 Transmutations
 + Level 2.9 Fire Magic
 + Level 7.7 Ice Magic
 + Level 2.9 Air Magic
 + Level 2.9 Earth Magic
 + Level 2.9 Poison Magic
 + Level 3.9 Invocations
 + Level 3.5 Evocations
 + Level 3.2 Shapeshifting


You had 8 spell levels left.
You knew the following spells:

 Your Spells              Type           Power      Damage    Failure   Level
a - Freeze                Ice            100%       1d10      1%          1
b - Frozen Ramparts       Ice            58%        1d9       2%          3
c - Ozocubu's Armour      Ice            29%        N/A       2%          3
d - Summon Ice Beast      Ice/Summ       22%        N/A       21%         4

Your spell library contained the following spells:

 Spells                   Type           Power      Damage    Failure   Level
 Kiss of Death            Conj/Necr      56%        2d9       5%          1
 Confusing Touch          Hex            14%        N/A       17%         3
 Dispel Undead            Necr           14%        3d10      50%         4
 Summon Mana Viper        Hex/Summ       14%        N/A       83%         5
 Monstrous Menagerie      Summ           7%         N/A       100%        7


Dungeon Overview and Level Annotations

Branches:
Dungeon (5/15)
 Temple: D:4-7

Altars:
Trog

Shops:
D:3 *   D:4 [:


Innate Abilities, Weirdness & Mutations

You have very sharp teeth.
Your uncanny sense of smell can sniff out nearby items.
Your experience applies equally to all skills.


Message History

Casting: Frozen Ramparts (dangerous; 2% risk of failure)
Press: ? - help, Dir - look around, f - activate The walls around you are covered in ice.
The ogre shouts!
Unknown command.
Casting: Frozen Ramparts (dangerous; 2% risk of failure)
Confirm with . or Enter, or press ? or * to list all spells.
A film of ice covers your body!
Hit: u) +2 short sword (freeze)
Press: ? - help, Dir - move target, f - you That would be overly suicidal.
Okay, then.
Unknown command.
Unknown command.
Casting: Ozocubu's Armour (dangerous; 2% risk of failure)
Confirm with . or Enter, or press ? or * to list all spells.
Okay, then.
The wall freezes the ogre.
Okay, then.
Unknown command.
Unknown command.
You freeze the ogre.
The ogre is moderately wounded.
The wall freezes the ogre.
The ogre hits you with a +0 giant club!!
Ouch! That really hurt!
You are too injured to fight recklessly!
You are too injured to fight recklessly!
Unknown command.
Casting: Freeze (safe; 1% risk of failure)
Confirm with . or Enter, or press ? or * to list all spells.
Aiming: Freeze (safe; 1% risk of failure)
Press: ? - help, Shift-Dir - straight line, f/p - ogre
Aim: an ogre, wielding a +0 giant club (heavily wounded)
You freeze the ogre.
The ogre is heavily wounded.
The wall freezes the ogre.
The ogre hits you with a +0 giant club!!
Ouch! That really hurt!
You die...

......# #.#.#...###...# ####..##
... #.#.#.#.#∆#.#.### ###...# ..
#.#.....#.#.....# #...#.#
..#.#.#.........#.## #.#...#
.#......##.##.....## ##.#.### #
##...###.#...#.###... .....#
####.#..#.#∆....∆....∆#.#. ##.###
#^.....$..###.#...#.###... #.#
##.##.##.O@....##.##.....#. #.#
#......#.#..#.........#....
##.####..##.....>.....#.#........
)...÷........#.#.##.#.#∆#.#..###.
###.###.(#...#.#.##...###........
###.# #..........####.....#..###.
.##.# #.###..#####.....#.##......
.##.# #.. ..# #.##....##......
....# #####.## #.##.#.#########


You could see an ogre.

Vanquished Creatures
  Grinder (D:4)
  Menkaure (D:4)
  A water moccasin (D:5)
  A scorpion (D:5)
  4 howler monkeys (D:5)
  3 hounds
  A gnoll bouda (D:4)
  A sleepcap (D:5)
  An iguana (D:4)
  2 orc wizards (D:3)
  12 adders
  13 gnolls
  2 worms
  6 dart slugs
  14 orcs
  15 ball pythons
  7 endoplasms
  6 giant cockroaches
  7 goblins
  5 hobgoblins
  4 jackals (D:1)
  5 quokkas
  6 bats
  4 frilled lizards
  2 kobolds
  10 rats
134 creatures vanquished.

Vanquished Creatures (collateral kills)
  A water moccasin (D:5)
  A nameless horror (D:4)
  An ice beast (D:5)
  An orc (D:4)
4 creatures vanquished.

Grand Total: 138 creatures vanquished

Notes
Turn   | Place    | Note
-------+----------+-------------------------------------------
     0 | D:1      | gruber the Gnoll Ice Elementalist began the quest for the
                  | Orb.
     0 | D:1      | Reached XP level 1. HP: 13/13 MP: 6/6
   139 | D:1      | Reached XP level 2. HP: 17/20 MP: 4/7
   265 | D:1      | Found a faded altar of an unknown god.
   336 | D:1      | Reached XP level 3. HP: 11/25 MP: 0/9
   344 | D:1      | Reached skill level 5 in Spellcasting
   511 | D:1      | Learned a level 3 spell: Frozen Ramparts
   515 | D:1      | Learned a level 3 spell: Ozocubu's Armour
   587 | D:1      | Reached skill level 1 in Invocations
   684 | D:1      | Reached skill level 1 in Fighting
   684 | D:1      | Reached skill level 1 in Short Blades
   684 | D:1      | Reached skill level 1 in Long Blades
   684 | D:1      | Reached skill level 1 in Axes
   684 | D:1      | Reached skill level 1 in Maces & Flails
   684 | D:1      | Reached skill level 1 in Polearms
   684 | D:1      | Reached skill level 1 in Staves
   684 | D:1      | Reached skill level 1 in Ranged Weapons
   684 | D:1      | Reached skill level 1 in Throwing
   684 | D:1      | Reached skill level 1 in Armour
   684 | D:1      | Reached skill level 1 in Shields
   684 | D:1      | Reached skill level 1 in Unarmed Combat
   684 | D:1      | Reached skill level 1 in Evocations
  1015 | D:2      | Reached XP level 4. HP: 32/32 MP: 9/11
  1063 | D:2      | Reached skill level 1 in Shapeshifting
  1180 | D:2      | Reached skill level 1 in Conjurations
  1180 | D:2      | Reached skill level 1 in Hexes
  1180 | D:2      | Reached skill level 1 in Summonings
  1180 | D:2      | Reached skill level 1 in Necromancy
  1180 | D:2      | Reached skill level 1 in Translocations
  1180 | D:2      | Reached skill level 1 in Transmutations
  1180 | D:2      | Reached skill level 1 in Fire Magic
  1180 | D:2      | Reached skill level 1 in Air Magic
  1180 | D:2      | Reached skill level 1 in Earth Magic
  1180 | D:2      | Reached skill level 1 in Poison Magic
  1367 | D:2      | Reached XP level 5. HP: 37/37 MP: 9/12
  1798 | D:2      | You fall into a shaft and drop 2 floors!
  1842 | D:4      | Found a bloodstained altar of Trog.
  1897 | D:4      | Found Vodwuax's Book Shop.
  1897 | D:4      | Noticed Grinder
  1905 | D:4      | Identified the +5 chain mail "Mussukhly" {Harm Slay+4}
  1911 | D:4      | Learned a level 4 spell: Summon Ice Beast
  1969 | D:4      | Reached XP level 6. HP: 40/44 MP: 6/13
  2115 | D:3      | Found Zesched's General Store.
  2162 | D:3      | Reached skill level 5 in Dodging
  3282 | D:4      | Paralysed by Grinder for 4 turns
  3296 | D:4      | Reached XP level 7. HP: 41/50 MP: 4/15
  3309 | D:4      | Noticed a nameless horror
  3322 | D:4      | Killed a nameless horror
  3340 | D:4      | Killed Grinder
  3533 | D:4      | Reached skill level 5 in Stealth
  3605 | D:4      | Noticed Menkaure
  3616 | D:4      | Killed Menkaure
  3726 | D:4      | Found Heteom's Antique Armour Boutique.
  4003 | D:5      | Entered Level 5 of the Dungeon
  4047 | D:5      | Reached XP level 8. HP: 54/57 MP: 7/16
  4638 | D:5      | Slain by an ogre

Illustrated notes

Levels and vault maps discovered:
D:1:      heliophobic_arrival_enchanted_forest, layout_rooms,
          ebering_ecumenical_altar_mist
D:2:      layout_loops_cross, minmay_snake_closets
D:3:      layout_basic, serial_shops, shop, dk_noncrumbling_3,
          serial_bayou_pond_b
D:4:      layout_loops_ring, mainiacjoe_overflow_boulevard, serial_shops, shop,
          shop_statue, hangedman_decor_opposing, uniq_menkaure, uniq_grinder
D:5:      layout_loops_cross, minmay_fractal_squares_5

Skill      XL: |  1  2  3  4  5  6  7  8 |
---------------+-------------------------+-----
Spellcasting   | 5 6 |  6.2
Invocations    | 1 2 3 |  3.9
Fighting       | 1 2 3 |  3.5
Short Blades   | 1 2 3 |  3.5
Long Blades    | 1 2 3 |  3.5
Axes           | 1 2 3 |  3.5
Maces & Flails | 1 2 3 |  3.5
Polearms       | 1 2 3 |  3.5
Staves         | 1 2 3 |  3.5
Ranged Weapons | 1 2 3 |  3.5
Throwing       | 1 2 3 |  3.5
Armour         | 1 2 3 |  3.5
Shields        | 1 2 3 |  3.5
Unarmed Combat | 1 2 3 |  3.5
Evocations     | 1 2 3 |  3.5
Shapeshifting  | 1 2 3 |  3.2
Conjurations   | 1 2 |  2.9
Hexes          | 1 2 |  2.9
Summonings     | 1 2 |  2.9
Necromancy     | 1 2 |  2.9
Translocations | 1 2 |  2.9
Transmutations | 1 2 |  2.9
Fire Magic     | 1 2 |  2.9
Air Magic      | 1 2 |  2.9
Earth Magic    | 1 2 |  2.9
Poison Magic   | 1 2 |  2.9
Dodging        | 5 |  5.9
Stealth        | 5 |  5.5
Ice Magic      | |  7.7

Action                     |  1- 3 |  4- 6 |  7- 9 || total
---------------------------+-------+-------+-------++-------
  Melee: Unarmed           |    33 |       |       ||    33
         Bite              |     4 |     6 |     5 ||    15
         Short sword       |     5 |    27 |    41 ||    73
         Punch             |       |     1 |     4 ||     5
         Whip              |       |     1 |       ||     1
   Cast: Freeze            |    55 |    79 |    20 ||   154
         Frozen Ramparts   |       |     9 |     8 ||    17
         Ozocubu's Armour  |       |     3 |     2 ||     5
         Summon Ice Beast  |       |     1 |     4 ||     5
    Use: Scroll            |       |       |     5 ||     5
   Stab: Sleeping          |       |     1 |     1 ||     2
 Armour: Robe              |    47 |    32 |       ||    79
         Leather armour    |       |    16 |    26 ||    42
  Dodge: Dodged            |    68 |    72 |    27 ||   167

Table legend: (Time is in decaauts)
 A = Elapsed time spent in this place.
 B = Non-inter-level travel time spent in this place.
 C = Inter-level travel time spent in this place.
 D = Time resting spent in this place.
 E = Time spent auto-exploring this place.
 F = Levels seen in this place.
 G = Mean time per level.
                   A        B        C        D        E       F      G
               +--------+--------+--------+--------+--------+-----+--------+
         Total |   4630 |   4489 |    141 |      0 |   3576 |   5 |  926.0 |
       Dungeon |   4630 |   4489 |    141 |      0 |   3576 |   5 |  926.0 |
               +--------+--------+--------+--------+--------+-----+--------+

Top non-repeatable levels by time:
     D:2: 1220 daAuts
     D:4: 1114 daAuts
     D:3: 840 daAuts
     D:1: 824 daAuts
     D:5: 630 daAuts
